Map: Site Delta LE

Players

Ami - Winner!

  • Race: Protoss Protoss
  • League: Diamond
  • Spawn Location: 11:00

Gammawatt

  • Race: Protoss Protoss
  • League: Diamond
  • Spawn Location: 5:00

VOD

Have the link to the VOD?

Description

Time

  • Played on: May 11, 2024, 11:03 a.m.
  • Length: 8:13
Show
View Real Time Build Order
Export as new Build Order

Ami Protoss - Winner!

Build Orders: Oracle Opening 

Get SALT Encoding   

  12  0:00  Probe  
  13  0:12  Probe  
  14  0:18  Pylon  
  14  0:25  Probe (Chrono Boost)  
  15  0:37  Probe (Chrono Boost)  
  15  0:39  Gateway  
  16  0:44  Probe (Chrono Boost)  
  17  0:51  Probe  
  17  0:54  Assimilator  
  18  0:58  Assimilator  
  18  1:06  Gateway  
  18  1:08  Probe  
  19  1:20  Probe  
  20  1:27  Cybernetics Core  
  20  1:32  Probe  
  21  1:44  Probe  
  21  1:46  Pylon  
  22  1:56  Probe  
  23  2:03  Adept x2 (Chrono Boost)  
  27  2:08  Probe  
  27  2:09  Warp Gate  
  27  2:14  Pylon  
  28  2:20  Probe  
  29  2:34  Stargate  
  29  2:54  Stalker  
  29  2:55  Nexus  
  29  2:57  Pylon  
  31  3:03  Probe  
  32  3:17  Oracle (Chrono Boost)  
  35  3:23  Probe  
  32  3:35  Probe  
  33  3:45  Shield Battery  
  33  3:57  Stalker  
  33  3:58  Stalker  
  37  4:12  Gateway  
  37  4:20  Probe x2  
  39  4:33  Probe  
  39  4:36  Stalker x2  
  39  4:38  Oracle (Chrono Boost)  
  44  4:39  Probe  
  48  4:56  Nexus  
  48  4:59  Probe  
  49  5:02  Assimilator  
  49  5:07  Twilight Council  
  49  5:08  Oracle  
  49  5:11  Pylon  
  52  5:20  Probe x2  
  54  5:23  Stalker  
  56  5:30  Stalker  
  58  5:43  Probe x2  
  60  5:55  Probe x2  
  62  6:01  Blink (Chrono Boost)  
  62  6:06  Pylon  
  62  6:07  Probe x2  
  62  6:09  Gateway  
  64  6:11  Gateway  
  64  6:14  Gateway  
  64  6:16  Probe, Gateway  
  64  6:17  Pylon  
  65  6:19  Probe  
  66  6:25  Probe  
  66  6:31  Stalker x2  
  66  6:32  Stalker  
  74  6:47  Probe x2  
  75  6:59  Probe  
  76  7:04  Probe  
  76  7:07  Stalker x4  
  76  7:08  Stalker x2  
  89  7:13  Shield Battery  
  89  7:14  Shield Battery  
  89  7:17  Pylon  
  89  7:22  Probe x2  
  91  7:23  Probe  
  92  7:34  Stalker  
  92  7:35  Stalker x4  
  100  8:01  Stalker x4  
  100  8:02  Stalker  
  94  8:13  Stalker  
Show
View Real Time Build Order
Export as new Build Order

Gammawatt Protoss 

Build Orders: 1 Gate Expand 

Get SALT Encoding   

  12  0:00  Probe  
  13  0:17  Probe  
  13  0:20  Pylon  
  14  0:29  Probe  
  15  0:41  Probe (Chrono Boost), Gateway  
  16  0:45  Assimilator  
  17  0:51  Probe (Chrono Boost)  
  17  0:56  Probe (Chrono Boost)  
  18  1:08  Probe  
  19  1:20  Probe  
  20  1:31  Cybernetics Core  
  20  1:35  Nexus  
  20  1:41  Pylon  
  20  1:44  Probe  
  21  1:51  Assimilator  
  21  1:56  Probe  
  22  2:05  Adept (Chrono Boost)  
  24  2:08  Probe  
  24  2:09  Warp Gate  
  25  2:21  Probe  
  26  2:28  Adept (Chrono Boost)  
  28  2:33  Probe  
  28  2:35  Robotics Facility  
  29  2:48  Probe (Chrono Boost)  
  29  2:49  Probe (Chrono Boost)  
  31  2:57  Pylon  
  33  2:58  Probe (Chrono Boost)  
  33  3:00  Probe (Chrono Boost)  
  32  3:06  Stalker  
  32  3:09  Probe  
  28  3:29  Probe x2  
  29  3:34  Observer  
  29  3:41  Probe x2  
  32  3:48  Gateway  
  32  3:51  Shield Battery  
  32  3:53  Pylon, Probe x2, Immortal (Chrono Boost)  
  38  4:05  Probe  
  38  4:06  Probe  
  40  4:17  Probe  
  40  4:18  Probe  
  42  4:30  Probe (Chrono Boost)  
  43  4:32  Probe (Chrono Boost)  
  42  4:42  Probe (Chrono Boost)  
  44  4:46  Assimilator, Probe (Chrono Boost)  
  44  4:47  Probe (Chrono Boost)  
  44  4:48  Assimilator  
  45  4:53  Probe  
  45  4:56  Probe  
  45  4:57  Stalker  
  45  4:58  Stalker  
  51  5:06  Probe  
  52  5:08  Probe  
  53  5:18  Probe  
  53  5:20  Pylon  
  54  5:21  Pylon  
  54  5:26  Gateway  
  54  5:28  Gateway x2  
  54  5:29  Gateway  
  54  5:30  Pylon  
  54  5:35  Pylon  
  54  5:38  Probe x2  
  54  5:44  Immortal (Chrono Boost)  
  56  5:50  Probe x2  
  56  5:53  Twilight Council  
  58  5:58  Stalker x2  
  58  6:03  Probe x2  
  64  6:15  Probe x2, Immortal (Chrono Boost)  
  70  6:25  Stalker x4  
  78  6:27  Probe x2  
  80  6:43  Probe x2  
  82  6:50  Nexus  
  75  6:55  Stalker  
  76  7:08  Probe (Chrono Boost)  
  76  7:14  Probe (Chrono Boost)  
  77  7:17  Pylon  
  77  7:28  Stalker x2  
  78  7:44  Stalker x2  
Tags
 
Add a new tag
Caveats
  • Supply blocks, unpowered buildings, or Contaminate may cause inaccurate times.
  • Supply counts are checked every 10 seconds.